[Event "1st Serbian League 2022"]
[Site "Vrnjacka Banja"]
[Date "2022.09.26"]
[Round "7.35"]
[White "Radusinovic, Lazar"]
[Black "Zlatanovic, Boroljub"]
[Result "1/2-1/2"]
[ECO "E62"]
[WhiteElo "2308"]
[BlackElo "2313"]
[Annotator "TA"]
[PlyCount "67"]
[EventDate "2022.09.20"]
[EventType "team-tourn"]
[EventCountry "SRB"]
[SourceTitle "playchess.com"]
[Source "ChessBase"]
[SourceQuality "1"]
[TimeControl "40/5400+30:1800+30"]

1. d4 Nf6 2. Nf3 g6 3. g3 Bg7 4. Bg2 O-O 5. O-O d6 6. c4 Nc6 7. Nc3 e5 8. dxe5 Nxe5 9. Nxe5 dxe5 10. Bg5 Qxd1 11. Rfxd1 $1 {[%emt 0:02:09] The position is equal. The main line 11.Rfxd1 scores better than 11.Raxd1.} c6 {[%emt 0:02:16] Inhibits Nb5. E62: King's Indian: Fianchetto: 6...c6 and Panno Variation (6...Nc6) without ...a6.} 12. b4 Be6 13. Rac1 h6 (13... Bxc4 $2 14. Bxf6 Bxf6 15. Ne4 $18) 14. Bxf6 Bxf6 15. b5 {[%emt 0:00:44] [#]} Rac8 $146 ({Predecessor:} 15... Bg5 16. Rc2 Bxc4 17. h4 Be7 18. Rd7 Bb4 19. bxc6 bxc6 20. Bxc6 Rac8 21. Bb7 Rcd8 {½-½ (28) Maghalashvili,G-Ryskin,A Jurmala 1980}) 16. bxc6 bxc6 17. Rd6 Be7 {[%emt 0:07:11] A strong pair of Bishops.} 18. Rxc6 Rxc6 19. Bxc6 Bxc4 20. Nd5 Bxd5 21. Bxd5 $11 {[%emt 0:00:42][%mdl 4096] Endgame KRB-KRB} Rd8 22. e4 Rd7 {[%emt 0:01:17] Inhibits Rc7.} 23. Kg2 Kg7 24. f4 Bd6 25. Kf3 Rc7 26. Bc6 Kf6 27. h4 h5 28. Rc4 Ke7 29. f5 Kf6 30. g4 hxg4+ 31. Kxg4 Rc8 32. fxg6 fxg6 33. Bd5 Rxc4 34. Bxc4 {[%emt 0:00:30] An uneventful encounter.  Weighted Error Value: White=0.03 (flawless) /Black=0.02 (flawless)} 1/2-1/2

[Event "1st Serbian League 2022"]
[Site "Vrnjacka Banja"]
[Date "2022.09.26"]
[Round "7.36"]
[White "Radlovacki, Jovan"]
[Black "Todorovic, Goran N"]
[Result "1-0"]
[ECO "C66"]
[WhiteElo "2287"]
[BlackElo "2305"]
[Annotator "TA"]
[PlyCount "61"]
[EventDate "2022.09.20"]
[EventType "team-tourn"]
[EventCountry "SRB"]
[SourceTitle "playchess.com"]
[Source "ChessBase"]
[SourceQuality "1"]
[TimeControl "40/5400+30:1800+30"]

1. e4 e5 2. Nf3 Nc6 3. Bb5 d6 4. d4 Bd7 5. O-O Nf6 6. Re1 Be7 7. c3 O-O 8. h3 h6 {[%emt 0:02:53] C66: Ruy Lopez: Steinitz Defence.} 9. Bd3 Re8 10. Nbd2 Bf8 {[%emt 0:01:35] White is slightly better.} 11. Nf1 {[%emt 0:00:36] [#]} g6 $146 ({Predecessor:} 11... a6 12. Ng3 g6 13. Bd2 Bg7 14. Qc2 Qe7 15. Rad1 Rad8 16. a3 Kh7 17. Qb3 Bc8 18. Qa2 {1-0 (47) Ojeda,H (2226)-Jungblut,J (2123) Villa Ballester 2006}) 12. Ng3 Bg7 13. d5 (13. Be3 $16) 13... Nb8 $14 14. Be3 a5 15. c4 c5 16. Qd2 Kh7 17. Nh2 {[%emt 0:00:37] White is more active.} Qc7 18. f4 exf4 19. Bxf4 Ra6 (19... Bc8 $16 {was called for.}) 20. Rf1 (20. Nf3 $18) 20... Re7 {[%emt 0:02:57] Against e5} 21. Rae1 {[%emt 0:06:42] aiming for Nf3.} Bc8 22. Nf3 {[%emt 0:09:08] [#] And now e5 would win.} Ng8 23. Ne2 Bd7 (23... Nd7 $16 24. Nc3 Ne5) 24. Nc3 $18 Bxc3 $2 (24... Be8 {was necessary.} 25. g4 Bxc3 26. Qxc3 f6) 25. Qxc3 ({Less strong is} 25. bxc3 f6 26. g4 Be8 $16) 25... f6 (25... Be8 $142 26. e5 dxe5) 26. e5 dxe5 {[%emt 0:03:53] [#]} 27. Nxe5 $1 fxe5 28. Bxe5 {[%emt 0:00:17] This bishop pair is nice.} Qd8 29. d6 Nc6 30. Bxg6+ {[%emt 0:02:15][%mdl 64] Decoy} Kxg6 31. Qd3+ {[%emt 0:00:00] Weighted Error Value: White=0.15 (very precise) /Black=0.72} 1-0

[Event "1st Serbian League 2022"]
[Site "Vrnjacka Banja"]
[Date "2022.09.27"]
[Round "8.1"]
[White "Sanal, Vahap"]
[Black "Budisavljevic, Luka"]
[Result "1/2-1/2"]
[ECO "B23"]
[WhiteElo "2595"]
[BlackElo "2524"]
[Annotator "TA"]
[PlyCount "218"]
[EventDate "2022.09.20"]
[EventType "team-tourn"]
[EventCountry "SRB"]
[SourceTitle "playchess.com"]
[Source "ChessBase"]
[SourceQuality "1"]
[TimeControl "40/5400+30:1800+30"]

1. e4 c5 2. Nc3 e6 3. Nge2 Nc6 4. g3 a6 5. Bg2 b5 6. d4 cxd4 7. Nxd4 Nxd4 8. Qxd4 Bb7 9. O-O Ne7 10. a4 Nc6 11. Qd1 b4 12. Nd5 Bc5 13. Be3 d6 14. Qg4 Bxe3 15. Nxe3 O-O 16. Rad1 Qc7 17. Kh1 Ne5 18. Qe2 Rad8 19. f4 Nd7 20. Qd2 Qc5 21. Ng4 Nb6 22. b3 f5 23. Nf2 a5 24. Rfe1 Qc6 25. Nh3 fxe4 26. Bxe4 Qc8 27. Qg2 d5 28. Bf3 Rd6 29. Rd2 h6 30. Nf2 Nd7 31. Ng4 Qc7 32. h4 Bc6 33. Rde2 Nc5 34. Ne5 Bb7 35. Ng6 Rf6 36. h5 Ne4 37. Kh2 Rc6 $1 38. Ne5 (38. Bxe4 dxe4 39. Rd1 (39. Qxe4 Rc5 $17) 39... Rc5 $17) (38. Rc1 $15) 38... Rc3 $17 39. Rd1 (39. Bxe4 dxe4 40. Kg1 Rf5 $19) (39. Ng6 $142) 39... Nd6 (39... Rf5 $17 {...Ba6 is the strong threat.} 40. Nd3 Ba6) 40. Rdd2 $11 Rf8 41. Qh3 (41. Rd3 $11) 41... Bc8 42. Qg2 Ba6 43. Re1 Bb7 44. Ng6 Re8 45. Re5 Ne4 46. Bxe4 dxe4 47. Qf2 e3 (47... Kh7 $17 {Threatens to win with ...Qc6.} 48. Kh3 Qc6) 48. Rxe3 $11 Qc6 49. Re1 Kh7 50. Ne5 Qc8 51. Re3 (51. Qd4 $5 ) 51... Ba8 (51... Rd8 $1 $11 {remains equal.} 52. Rxd8 Qxd8) 52. Rxc3 $16 bxc3 53. Rd3 (53. Re2 $1 $16) 53... Rd8 $1 $11 54. Qe3 Qb7 55. Nf3 Rxd3 56. Qxd3+ Kg8 $1 57. Kg2 (57. Qd8+ Kh7 58. Qd3+ Kg8 59. Qd8+ Kh7 60. Qd3+ $16) 57... Qe4 58. Qd1 (58. Qxe4 $1 $14 {is more appropriate.} Bxe4 59. Kf2) 58... Qd5 $11 59. Qe2 $1 Qxh5 $2 (59... Kf8 $11) 60. Qxe6+ $18 Kh7 61. Qe3 Qd5 (61... Kh8 $142 62. Kf2 (62. Qxc3 Be4 $16) 62... Bb7) 62. Qxc3 $2 (62. Kf2 $1 $18) 62... Qd1 $11 63. g4 Bxf3+ 64. Qxf3 Qxc2+ 65. Kg3 Qb1 66. Qe3 Qc2 67. f5 h5 68. Qe6 hxg4 69. Kxg4 Qd1+ 70. Kf4 Qd4+ 71. Qe4 Qf2+ 72. Qf3 Qd4+ $1 73. Kg3 (73. Qe4 $5 Qd6+ 74. Ke3 $16) 73... Qg1+ 74. Kh4 Qh2+ 75. Kg4 Qg1+ 76. Kh3 Qc5 77. Qd3 Qg1 78. Kh4 Qe1+ (78... Qg2 $11) 79. Kg4 $14 Qb4+ 80. Kf3 Qe1 (80... Qb7+ $14 81. Kf4 Qb8+ 82. Ke4 Qc7) 81. f6+ (81. Kf4 $1 $16) 81... Kh8 $2 (81... g6 $1 $11 {and Black stays safe.}) 82. Qd8+ ({Only move:} 82. f7 $1 $18 Qh1+ 83. Ke2 Qh2+ 84. Kd1 Qh5+ 85. Kc2 Qc5+ 86. Qc3 Qf5+ 87. Kb2) 82... Kh7 $14 83. Qd3+ (83. Qe7 $1 $16 Qc3+ 84. Ke4 Qe1+ 85. Kd5 Qd1+ 86. Kc6 Qc2+ 87. Kd6 Qd3+ 88. Kc7 Qg3+ 89. Kb6 Qxb3+ 90. Ka7 (90. Kxa5 Qd5+ 91. Kb4 Qd2+ 92. Kc4 Qc2+ 93. Kb5 Qd3+ 94. Kc5 Qa3+ 95. Kb6 Qb3+ 96. Kc7 Qc4+ 97. Kb7 Qb3+ 98. Kc8 Qg8+ 99. Kd7 Qd5+ 100. Kc7 Qc4+ 101. Kb7 Qb3+ 102. Kc7 Qc4+ $14)) 83... Kh8 $18 {[%emt 0:00:28] [#]} 84. fxg7+ (84. Qd8+ Kh7 85. Qe7 Qc3+ 86. Kf4 Qd2+ 87. Ke4 Qc2+ 88. Kd4 Qb2+ 89. Kc5 Qc3+ 90. Kb6 Qxb3+ 91. Ka7 (91. Kxa5 Qd5+ 92. Kb6 Qb3+ 93. Kc7 Qc4+ 94. Kb6 Qb3+ 95. Ka5 Qc3+ 96. Kb6 Qb3+ $14) 91... Kg6) ({White has to play} 84. f7 $1 $18 Qh1+ 85. Ke2 Qh2+ 86. Kd1 (86. Ke1 Qg1+ 87. Ke2 Qh2+ 88. Kd1 Qh5+ 89. Kc2 Qxf7 $18) 86... Qh5+ 87. Kc2 Qc5+ 88. Qc3 Qf2+ 89. Qd2 Qf5+ 90. Kb2 Qxf7 91. Qxa5) 84... Kxg7 $14 {[%emt 0:00:01] [#]} 85. Qd4+ (85. Kf4 $1 $16 ) 85... Kf7 $11 86. Qd5+ ({Don't take} 86. Qf4+ Ke7 $16) 86... Ke7 87. Kf4 Qb4+ 88. Kf5 Qb6 89. Ke4 Qb4+ 90. Kd3 Qe1 $1 91. Kd4 Qb4+ $1 92. Kd3 Qe1 $1 93. Qb7+ Kd6 94. Qb6+ Kd5 95. Qb7+ ({But not} 95. Qd4+ Kc6 $14) 95... Kc5 96. Qb5+ Kd6 97. Qa6+ Kc5 98. Qc4+ Kd6 99. Qf4+ Kc6 100. Qf3+ Kc5 101. Kc2 Kd6 102. Qg2 Kc5 103. Qg5+ Kd6 104. Qf4+ Kc6 105. Qf3+ Kc5 106. Kb2 Qd2+ 107. Ka3 Qc1+ 108. Ka2 Qc2+ 109. Ka3 Qc1+ 1/2-1/2

[Event "1st Serbian League 2022"]
[Site "Vrnjacka Banja"]
[Date "2022.09.27"]
[Round "8.2"]
[White "Puranik, Abhimanyu"]
[Black "Gurel, Ediz"]
[Result "1/2-1/2"]
[ECO "B15"]
[WhiteElo "2603"]
[BlackElo "2437"]
[Annotator "TA"]
[PlyCount "105"]
[EventDate "2022.09.20"]
[EventType "team-tourn"]
[EventCountry "SRB"]
[SourceTitle "playchess.com"]
[Source "ChessBase"]
[SourceQuality "1"]
[TimeControl "40/5400+30:1800+30"]

1. e4 c6 2. d4 d5 3. Nc3 dxe4 4. Nxe4 Nf6 5. Nxf6+ exf6 6. Be3 Bd6 {[%emt 0:00:21] B15: Caro-Kann: 3 Nc3: 3...g6 and 3...dxe4 4 Nxe4 Nf6 5 Nxf6+ exf6.} 7. Bd3 O-O 8. Ne2 (8. Qh5 g6 9. Qd1 Qb6 $11) 8... Re8 {[%emt 0:04:16] The position is equal.} 9. O-O Na6 {[%emt 0:05:56] [#]} 10. Bxa6 $146 ({Predecessor:} 10. c4 Nc7 11. Qc2 g6 12. Nc3 f5 13. Rae1 Bd7 14. Qc1 Qf6 15. c5 Bf8 16. Bf4 {0-1 (36) Sandalakis,N (2240)-Langrock,H (2351) Heraklion 2022}) 10... bxa6 11. Qd3 Qa5 12. Ng3 Be6 13. b3 Rad8 14. Bd2 Qb6 15. c3 c5 16. Be3 cxd4 17. Bxd4 Be5 18. Rad1 (18. Rfd1 $11) 18... Qa5 (18... Bxd4 $1 $15 19. cxd4 Bd7) 19. Rd2 h5 20. h4 (20. h3 $11) 20... Bg4 $15 21. a4 Rd7 22. Qc2 (22. Re1 $15) 22... Bf4 $17 23. Rd3 Qc7 $1 24. b4 Rde7 (24... Qc4 $1 $19 25. f3 Bxg3 26. fxg4 Bxh4) 25. Qb1 (25. c4 $17) 25... Re6 26. a5 Qc6 27. Bxa7 (27. Bc5 $17) 27... g5 $1 $19 28. Rd4 $2 (28. b5 Qb7 29. Be3 Bxg3 30. fxg3 Rxe3 31. Rxe3 Rxe3 32. bxa6 Qxa6 33. hxg5) 28... Bxg3 29. Rxg4 hxg4 30. fxg3 Re2 31. Bf2 gxh4 32. Qf5 R8e4 {[%emt 0:01:57] ( -> ...hxg3)} 33. gxh4 g3 34. Bxg3 {[%emt 0:00:07] [#]} Rxg2+ $3 35. Kxg2 $17 Rf4+ {[%emt 0:00:04][%mdl 64] Discovered Attack} 36. Kh2 Rxf5 37. Rxf5 Qxc3 {[%emt 0:00:04][%mdl 4096] Endgame KQ-KRB} 38. Rf4 Kg7 ({Black should try} 38... Qd2+ 39. Kh3 f5 40. Rxf5 Qxb4 41. Rg5+ Kf8) 39. Kg2 (39. Bf2 $142) 39... Kg6 (39... Qd2+ $142 40. Kf3 Qd1+ 41. Kg2 Qd2+ 42. Kh3 Qe3) 40. Rg4+ ({White should play} 40. Bf2) 40... Kh5 41. Rf4 Qc6+ 42. Kh2 {[%emt 0:00:19] [#]} Qd5 (42... Qc1 $142 $1 43. Kg2 Qd2+ 44. Kh3 Qc3) 43. Kg1 (43. Bf2 $142) 43... Qd2 44. Kh1 Qe2 (44... f5 $142 45. Kg1 Qe3+ 46. Kh2 Kg6) 45. Kg1 (45. Bf2 $142) 45... f5 {[%emt 0:00:20] Black is clearly better.} 46. Kh1 ({Don't go for} 46. Rxf5+ $2 Kg4 47. Rf2 Qe3 $19) 46... Kg6 47. Kg1 Kf6 48. Kh1 Ke6 49. Kg1 Qc2 50. Kh1 Kd5 51. Kg1 Kc6 52. Kh1 Kb5 ({Inferior is} 52... Qc3 53. Kg2 $17) 53. Kg1 {[%emt 0:00:23] Weighted Error Value: White=0.43/Black=0.29 (precise)} 1/2-1/2

[Event "1st Serbian League 2022"]
[Site "Vrnjacka Banja"]
[Date "2022.09.27"]
[Round "8.3"]
[White "Markus, Robert"]
[Black "Gagunashvili, Merab"]
[Result "1/2-1/2"]
[ECO "D12"]
[WhiteElo "2615"]
[BlackElo "2552"]
[Annotator "TA"]
[PlyCount "83"]
[EventDate "2022.09.20"]
[EventType "team-tourn"]
[EventCountry "SRB"]
[SourceTitle "playchess.com"]
[Source "ChessBase"]
[SourceQuality "1"]
[TimeControl "40/5400+30:1800+30"]

1. d4 d5 2. c4 c6 3. Nf3 Nf6 4. e3 Bf5 5. Nc3 e6 6. Nh4 Bg6 7. Be2 {[%emt 0:00:39] D12: Slav Defence: 3 Nf3 Nf6 4 e3 Bf5.} Nbd7 8. g3 Be7 9. O-O {[%emt 0:01:50] White has an edge.} O-O 10. Nxg6 hxg6 11. b3 Qa5 12. Bd2 Qc7 {[%emt 0:01:23] [#]} 13. Bf3 $146 ({Predecessor:} 13. Qc2 Rac8 14. Rfd1 c5 15. dxc5 Nxc5 16. Be1 dxc4 17. Bxc4 a6 18. Qb2 Qe5 19. Rab1 {½-½ (33) Santos Ruiz,M (2523)-Karpov,A (2623) Salamanca 2018}) 13... Nb6 14. cxd5 cxd5 15. a4 Nc8 16. Qe2 Nd6 17. Rfc1 {[%emt 0:01:55][%cal Oc3d5] [#] Threatens to win with Nxd5!} Qd7 18. Nd1 Rfc8 19. Nb2 Rxc1+ 20. Rxc1 Rc8 21. Qd1 Nde4 22. Rxc8+ Qxc8 23. Be1 Qc6 24. Nd3 Nd7 25. Bg2 Nd6 26. g4 Qc7 27. Qc1 Qxc1 28. Nxc1 Nb8 29. Kf1 Nc6 30. Ke2 g5 31. Nd3 Kf8 32. Bc3 Ke8 33. Kd1 b6 34. Kc2 a5 {[%emt 0:02:51] The position is equal.} 35. Ne5 Nxe5 36. dxe5 $11 {[%emt 0:00:12][%mdl 4096] Endgame KBB-KBN} Nb7 37. e4 d4 38. Bb2 Bc5 39. Bc1 Be7 40. Bb2 Bc5 41. Bc1 Be7 42. Bb2 {[%emt 0:00:00] Weighted Error Value: White=0.07 (flawless) /Black=0.04 (flawless)} 1/2-1/2

[Event "1st Serbian League 2022"]
[Site "Vrnjacka Banja"]
[Date "2022.09.27"]
[Round "8.4"]
[White "Pap, Misa"]
[Black "Solak, Dragan"]
[Result "1-0"]
[ECO "B15"]
[WhiteElo "2381"]
[BlackElo "2592"]
[Annotator "TA"]
[PlyCount "121"]
[EventDate "2022.09.20"]
[EventType "team-tourn"]
[EventCountry "SRB"]
[SourceTitle "playchess.com"]
[Source "ChessBase"]
[SourceQuality "1"]
[TimeControl "40/5400+30:1800+30"]

1. e4 c6 2. d4 d5 3. Nd2 dxe4 4. Nxe4 Nf6 5. Nxf6+ exf6 6. c3 Bd6 7. Bd3 O-O 8. Qc2 Re8+ 9. Ne2 h6 10. O-O Nd7 {[%emt 0:00:12] now scores much better than the old 10...Qc7. B15: Caro-Kann: 3 Nc3: 3...g6 and 3...dxe4 4 Nxe4 Nf6 5 Nxf6+ exf6.} 11. Ng3 Nf8 12. Nf5 Bxf5 {[%emt 0:00:07] The position is equal.} 13. Bxf5 {[%emt 0:00:09] [#]} g6 $146 ({Predecessor:} 13... Bc7 14. g3 Qd5 15. Bh3 Qh5 16. Bg2 Re2 17. Qd3 Re7 18. Bf3 Qg6 19. Qxg6 Nxg6 {½-½ (47) Terletsky,O (2289)-Villca,J (2297) Chess.com INT 2018}) 14. Bd3 f5 15. g3 h5 16. Bd2 f4 17. Rae1 Qd7 18. Qd1 Ne6 19. Be4 Ng5 20. Bg2 Qf5 {[%emt 0:13:27] And now ...f3 would win.} 21. Qc1 Ne6 22. Qb1 Qf6 23. Qc1 Qf5 24. Qb1 Qf6 25. Qc1 h4 26. Bh3 Ng5 27. Bg2 (27. Bg4 $11) 27... h3 (27... Rxe1 $1 $15 28. Qxe1 (28. Rxe1 fxg3 29. fxg3 Nf3+ 30. Bxf3 Qxf3 $15) 28... Kg7) 28. Bh1 $11 Rxe1 29. Qxe1 Kf8 30. Qd1 Qf5 31. Qb1 Qg4 {[%emt 0:01:28] ( -> ...Nf3+)} 32. Qd1 {[%emt 0:00:02] Against Nf3+} Qf5 33. Qb1 Qf6 (33... Qg4 $5 34. Qd3 fxg3 35. hxg3 (35. fxg3 Re8 $11) 35... h2+ 36. Kxh2 Kg7 $14) 34. Qd1 Re8 35. Qg4 Qf5 36. Qxf5 gxf5 37. Re1 Rxe1+ 38. Bxe1 {[%emt 0:01:27][%mdl 4096] Endgame KBB-KBN} f3 (38... Ne4 $11 {keeps the balance.}) 39. Bd2 $16 f6 40. Kf1 Kf7 41. Ke1 Ke6 42. Bf4 c5 $2 (42... Be7 $16 {is a better defense.}) 43. Kd2 $2 (43. Bxd6 $1 $18 {and the rest is easy.} Kxd6 44. Kd2) 43... cxd4 44. cxd4 {[%emt 0:00:00] aiming for Bxd6.} Bb4+ 45. Ke3 a6 $2 (45... Ba5 $16) 46. Bxf3 $18 Nxf3 47. Kxf3 {[%emt 0:00:00] KB-KB} Kd5 48. Bc7 {[%emt 0:00:40] Kf4 is the strong threat.} Bd2 49. Bf4 $2 (49. Bb6 $18) 49... Ba5 $2 {[%emt 0:00:24] [#]} (49... Bb4 $1 $11) 50. g4 $1 Kxd4 $2 (50... fxg4+ 51. Kxg4 Bb6) 51. gxf5 {[%emt 0:00:01] Hoping for Kg4.} Kd3 52. Bd6 Bb6 53. b4 Bd4 54. a4 ({White should play} 54. Kg4 $18) 54... Kc4 $2 {[%emt 0:00:33][%mdl 8192] [#]} (54... b5 $1 $11 {and Black has nothing to worry.} 55. axb5 axb5) 55. Kg4 $1 Bc3 56. Be7 ({Don't play} 56. Kxh3 b5 57. axb5 Kxb5 $18) 56... Kb3 $2 (56... Bxb4 57. Bxf6 Bc5 58. Kxh3 b5 59. axb5 axb5) 57. a5 Bxb4 58. Bxf6 Bxa5 59. Be7 Bc7 60. f6 {[%emt 0:00:11][%cal Bf5f6,Bf6f7][%mdl 32] White wants to mate with f7.} Bxh2 61. f7 {[%emt 0:00:23] Weighted Error Value: White=0.30/Black=0.53} 1-0

[Event "1st Serbian League 2022"]
[Site "Vrnjacka Banja"]
[Date "2022.09.27"]
[Round "8.5"]
[White "Kovacevic, Aleksandar"]
[Black "Savic, Miodrag R"]
[Result "1/2-1/2"]
[ECO "C42"]
[WhiteElo "2471"]
[BlackElo "2406"]
[Annotator "TA"]
[PlyCount "39"]
[EventDate "2022.09.20"]
[EventType "team-tourn"]
[EventCountry "SRB"]
[SourceTitle "playchess.com"]
[Source "ChessBase"]
[SourceQuality "1"]
[TimeControl "40/5400+30:1800+30"]

1. e4 e5 2. Nf3 Nf6 3. Nxe5 d6 4. Nf3 Nxe4 5. d4 d5 6. Bd3 Be7 7. O-O Nc6 8. c4 Nb4 9. Be2 dxc4 10. Bxc4 O-O 11. Nc3 Nd6 12. Bb3 {[%emt 0:01:16] C42: Petroff Defence: 3 Nxe5 and unusual White 3rd moves.} Bg4 13. h3 Bxf3 14. Qxf3 Nc6 15. Rd1 Bf6 16. Be3 {[%emt 0:11:32] [#]} Na5 $146 ({Predecessor:} 16... g6 17. Nd5 Bg7 18. Qg3 Nf5 19. Qxc7 Ncxd4 20. Bxd4 Nxd4 21. Qxb7 Qg5 22. Qe7 Qxe7 23. Nxe7+ {½-½ (30) Ehs,D (2080)-Penz,H (2308) Austria 2018}) 17. Bc2 g6 {[%emt 0:18:18] Against Qh5} 18. Nd5 {[%emt 0:05:36] White is much more active.} (18. Ne4 $16 Bh4 19. Nxd6 cxd6 20. Be4) 18... Bg7 $14 19. b3 {[%emt 0:13:28] Against Nac4} Nc6 {[%emt 0:00:19] [#] ...Nb5 is the strong threat.} 20. Nc3 {[%emt 0:01:07] Inhibits Nb5.  Weighted Error Value: White=0.07 (flawless) /Black=0.04 (flawless)} 1/2-1/2

[Event "1st Serbian League 2022"]
[Site "Vrnjacka Banja"]
[Date "2022.09.27"]
[Round "8.6"]
[White "Radovanovic, Mihajlo"]
[Black "Brenjo, Slavisa"]
[Result "1-0"]
[ECO "E97"]
[WhiteElo "2438"]
[BlackElo "2409"]
[Annotator "TA"]
[PlyCount "59"]
[EventDate "2022.09.20"]
[EventType "team-tourn"]
[EventCountry "SRB"]
[SourceTitle "playchess.com"]
[Source "ChessBase"]
[SourceQuality "1"]
[TimeControl "40/5400+30:1800+30"]

1. Nf3 Nf6 2. c4 g6 3. Nc3 Bg7 4. e4 d6 5. d4 O-O 6. Be2 e5 7. O-O Nc6 8. d5 Ne7 9. b4 Nh5 10. Re1 Nf4 11. Bf1 a5 12. bxa5 c5 13. Nd2 Rxa5 14. a4 Ra6 15. Ra3 {[%emt 0:01:32] E97: King's Indian: Classical Main Line (6...e5 7 0-0 Nc6): 8 Be3 and 8 d5 Ne7, not 9 Ne1.} h6 16. Nb5 g5 17. g3 {[%emt 0:03:02] White is better.} Nfg6 (17... Nh3+ $2 18. Bxh3 Bxh3 19. g4 $18) 18. Be2 f5 {[%emt 0:00:52] [#]} 19. exf5 $1 Nxf5 {[%emt 0:00:54] [#]} 20. Bh5 $1 {[%emt 0:12:53] [#]} Nh8 $146 ({Predecessor:} 20... Nge7 21. Bg4 Nd4 22. Bxc8 Qxc8 23. Bb2 Nef5 24. Ne4 Qd7 25. Bxd4 Nxd4 26. f3 Rf7 27. Kg2 Bf8 28. h3 Nf5 29. Qd2 {½-½ (29) Antic,D (2504)-Brenjo,S (2522) Vrnjacka Banja 2010}) 21. Rf3 Nd4 (21... Bf6 $16) 22. Nxd4 $18 cxd4 23. Ne4 Rxf3 24. Qxf3 Rxa4 25. Ba3 g4 26. Qb3 {[%emt 0:00:45] White is much more active.} Qa5 27. Ra1 {[%emt 0:00:34] aiming for Be8.} Bf8 $2 (27... Bf5) 28. Be8 {[%emt 0:01:04][%mdl 64] Trapped Piece. White has a decisive advantage.} Rxa3 29. Qxa3 ({Don't do} 29. Nf6+ Kg7 30. Qxa3 Qd8) 29... Qxa3 30. Rxa3 {[%emt 0:00:06] Weighted Error Value: White=0.02 (flawless) /Black=0.25 (precise)} 1-0

[Event "1st Serbian League 2022"]
[Site "Vrnjacka Banja"]
[Date "2022.09.27"]
[Round "8.7"]
[White "Krstulovic, Alex"]
[Black "Tadic, Stefan"]
[Result "1/2-1/2"]
[ECO "D13"]
[WhiteElo "2411"]
[BlackElo "2318"]
[Annotator "TA"]
[PlyCount "63"]
[EventDate "2022.09.20"]
[EventType "team-tourn"]
[EventCountry "SRB"]
[SourceTitle "playchess.com"]
[Source "ChessBase"]
[SourceQuality "1"]
[TimeControl "40/5400+30:1800+30"]

1. d4 d5 2. c4 c6 3. cxd5 cxd5 4. Bf4 Nf6 5. Nc3 Nc6 6. e3 a6 7. Be2 Bf5 8. Nf3 e6 9. Qb3 {[%emt 0:00:00] D13: Slav Defence: Exchange variation without ...Bf5.} Bd6 10. Bxd6 (10. Qxb7 Na5 11. Qxa8 Qxa8 $15) 10... Qxd6 11. Qxb7 {[%emt 0:00:00] White has an edge.} O-O (11... Rb8 12. Qxa6 O-O 13. O-O $16) 12. Qb3 ({Wrong is} 12. Bxa6 $2 Rab8 13. Qb5 Rxb5 14. Bxb5 Na7 $19) 12... Rfb8 13. Qa3 Qxa3 14. bxa3 h6 15. O-O Rb2 16. Rfe1 Bc2 {[%emt 0:06:10] [#] Prevents Na4.} 17. Rec1 $146 ({Predecessor:} 17. Bd1 Rab8 18. Rc1 Bxd1 19. Nxd1 R2b6 20. Nc3 Na5 21. Na4 Rb5 22. Ne5 Ne4 23. h4 {½-½ (47) Gridnev,S (1983)-Afonasieva,A (2152) Olginka 2022}) 17... Ne4 $1 18. Nxe4 dxe4 19. Nd2 {[%emt 0:00:00] [#] And now Nc4 would win.} Na5 20. Kf1 Rd8 ({Don't do} 20... Bd3 21. Bxd3 exd3 22. Ne4 $16) ({Black should try} 20... e5 $11) 21. Bd1 ({Much worse is} 21. Bxa6 e5 $11) 21... Bd3+ (21... Bxd1 $1 $11 {keeps the balance.} 22. Rxd1 f5) 22. Ke1 $16 e5 (22... Kf8 $142) 23. Rc5 exd4 24. Rxa5 {[%emt 0:00:00] [#] Threatens to win with Rc1.} dxe3 25. fxe3 {[%emt 0:00:16] Rc1 is the strong threat.} Bb5 26. a4 ({White has to play} 26. Nxe4 $16 {Strongly threatening a4.} Rxg2 27. a4) 26... Rdxd2 $11 {[%emt 0:02:27] The position is equal.} 27. axb5 Rxg2 28. Kf1 {[%emt 0:00:08] Against Rg1+} Rxh2 29. Kg1 {[%emt 0:00:20] Against Rh1+} Rhg2+ 30. Kh1 Rh2+ 31. Kg1 Rhg2+ 32. Kh1 {[%emt 0:00:05] Weighted Error Value: White=0.18 (very precise) /Black=0.16 (very precise)} 1/2-1/2

[Event "1st Serbian League 2022"]
[Site "Vrnjacka Banja"]
[Date "2022.09.27"]
[Round "8.8"]
[White "Ivanovic, Marko"]
[Black "Sedlak, Nikola"]
[Result "0-1"]
[ECO "C60"]
[WhiteElo "2265"]
[BlackElo "2466"]
[Annotator "TA"]
[PlyCount "72"]
[EventDate "2022.09.20"]
[EventType "team-tourn"]
[EventCountry "SRB"]
[SourceTitle "playchess.com"]
[Source "ChessBase"]
[SourceQuality "1"]
[TimeControl "40/5400+30:1800+30"]

1. e4 e5 2. Nf3 Nc6 3. Bb5 a6 4. Ba4 d6 5. c3 Bd7 6. d4 Nf6 7. Bc2 g6 8. O-O Bg7 9. h3 O-O {[%emt 0:00:12] C60: Ruy Lopez: Unusual Black 3rd moves and 3...g6.} 10. Re1 Re8 {[%emt 0:00:55] [#]} 11. dxe5 $146 ({Predecessor:} 11. Nbd2 a5 12. Nf1 a4 13. Ng3 b5 14. Be3 Qe7 15. Qd2 Reb8 16. d5 Na5 17. b3 {½-½ (87) Caruana,F (2792)-Sjugirov,S (2680) Chess.com INT 2022}) 11... Nxe5 {[%emt 0:01:10] The position is equal.} 12. Nxe5 Rxe5 13. Bf4 Re8 14. c4 (14. Nd2 $11) 14... b5 15. cxb5 axb5 16. Bd3 Bc6 (16... Nh5 {looks sharper.} 17. Bc1 Qh4 18. Nc3 Be5) 17. Qc2 {[%emt 0:02:55] [#]} ({Better is} 17. Qc1 $15 Bxe4 18. Bxb5) 17... Bxe4 $1 $17 18. Bxe4 (18. Rxe4 $2 Nxe4 19. Nd2 (19. Bxe4 $2 Rxe4 20. Qxe4 Bxb2 $19) 19... Nxd2 20. Bxd2 Qd7 $19) (18. Nc3 $17 {was necessary.} Bxd3 19. Qxd3) 18... Rxe4 $19 19. Rxe4 Nxe4 20. Na3 ({But not} 20. Qxe4 $2 Bxb2 21. Nc3 (21. Bg5 $2 Qe8 $19) 21... Bxa1 $19) (20. Be3 $142) 20... b4 21. Nb5 Nc5 {[%emt 0:00:25][%cal Ob4b3] [#] And now ...b3! would win.} 22. Rd1 Ne6 23. Qc4 Qb8 ({Don't go for} 23... Bxb2 $2 24. Be3 $19) 24. Be3 Ra5 ({Don't blunder} 24... Bxb2 $2 25. Rb1 Be5 26. Rxb4 $19) 25. Nd4 Bxd4 26. Bxd4 Qb5 $36 {[%emt 0:00:55][%mdl 2048] Black has strong initiative.} 27. Qc1 (27. Qb3 $142) 27... Rxa2 28. Be3 (28. Bf6 $142) 28... Qe5 29. Qc6 Kg7 {[%emt 0:03:32] Prevents Bh6+.} 30. h4 $2 (30. b3) 30... Rxb2 31. Qc1 h5 32. Qc4 Qc3 33. Qb5 Qc2 34. Rd4 Rb1+ 35. Kh2 Qf5 36. Rd5 Qe4 {[%emt 0:00:18] White did not feel at home in the position after the opening.  Weighted Error Value: White=0.90/Black=0.45} (36... Qg4 $142 37. Rd4 Nxd4 38. Qg5 Qxg5 39. Bxg5 Rd1 40. f3 b3 41. Kh3 b2 42. g4 b1=Q 43. Bf6+ Kxf6 44. Kg3 Rh1 45. Kf4 Qd3 46. g5+ Kg7 47. Kg3 Qxf3#) 0-1